AoeStats
← marcinpiekary

Fortress

507709394Analyzed
4v4 RM · 14d ago on Sep 19, 2026· 95m 46s· 8 players
Game mode
Random Map
Map size
Huge
Population
200
Speed
Normal
Resources
Standard
Victory
Conquest
Starting age
Dark Age
Ending age
Imperial Age
RankedLock teamsTeams togetherTeam positionsShared explorationLock speedFull tech treeHidden civsTurbo modeCheats
Victory
Defeat
🇹🇷 Khmer · Türkiye
599
+15
🇵🇱 Teutons · Poland
545
+18
🇩🇪 Mongols · Germany
497
+19
🇵🇹 Magyars · Portugal
487
+20
🇩🇪 Teutons · Germany
583
-18
🇭🇰 Huns · Hong Kong SAR China
577
-18
🇨🇳 Franks · China
577
-18
🇹🇷 Chinese · Türkiye
574
-18
Andryxa20
0:37 Loom
8:41 Feudal Age
10:32 Double-Bit Axe
11:51 Wheelbarrow
13:05 Horse Collar
14:43 Gold Mining
14:45 Stone Mining
19:06 Bloodlines
21:03 Castle Age
22:35 Fletching
22:47 Padded Archer Armor
22:54 Scale Barding Armor
23:01 Forging
23:09 Husbandry
23:53 Bodkin Arrow
25:07 Bow Saw
26:36 Leather Archer Armor
28:21 Hand Cart
34:33 Imperial Age
35:44 Iron Casting
38:20 Heavy Plow
39:03 Gold Shaft Mining
39:04 Stone Shaft Mining
39:32 Elite Mangudai
40:34 Conscription
43:49 Bracer
44:50 Blast Furnace
44:11 Chain Barding Armor
47:04 Chemistry
46:26 Ballistics
49:05 Thumb Ring
49:32 Parthian Tactics
50:11 Caravan
56:59 Pikeman
57:41 Squires
60:07 Scale Mail Armor
61:53 Chain Mail Armor
75:38 Siege Engineers
75:44 Fortified Wall
77:45 Plate Mail Armor
77:07 Arson
ӄǟʋǟ
10:26 Feudal Age
10:55 Double-Bit Axe
11:04 Gold Mining
11:04 Stone Mining
10:59 Horse Collar
17:59 Castle Age
19:40 Gold Shaft Mining
19:18 Bow Saw
24:27 Imperial Age
23:07 Loom
23:57 Wheelbarrow
23:08 Town Watch
24:29 Corvinian Army
25:06 Heavy Plow
28:17 Two-Man Saw
27:56 Crop Rotation
29:24 Hand Cart
31:43 Town Patrol
31:08 Elite Magyar Huszar
47:49 Recurve Bow
47:57 Crossbowman
48:43 Thumb Ring
48:55 Thumb Ring
52:11 Arbalester
FZL
9:37 Feudal Age
14:38 Castle Age
13:16 Double-Bit Axe
14:09 Horse Collar
24:12 Bow Saw
24:07 Heavy Plow
26:36 Wheelbarrow
25:46 Loom
25:47 Town Watch
27:41 Hand Cart
32:58 Imperial Age
30:43 Caravan
31:12 Town Patrol
34:48 Chemistry
34:09 Ballistics
33:57 Siege Engineers
33:51 Murder Holes
34:07 Fortified Wall
34:08 Masonry
33:49 Guard Tower
33:49 Heated Shot
34:05 Padded Archer Armor
33:55 Fletching
34:26 Elite Ballista Elephant
35:18 Tusk Swords
36:53 Gold Mining
36:54 Stone Mining
37:45 Double Crossbow
38:23 Hoardings
37:18 Sappers
38:10 Conscription
41:34 Heavy Scorpion
47:13 Leather Archer Armor
46:54 Bodkin Arrow
47:11 Forging
47:07 Scale Barding Armor
53:30 Ring Archer Armor
53:01 Bracer
56:16 Iron Casting
55:42 Scale Mail Armor
56:04 Chain Barding Armor
55:11 Elite Skirmisher
55:13 Crossbowman
56:21 Parthian Tactics
61:26 Pikeman
61:52 Arson
80:30 Crop Rotation
80:41 Architecture
80:33 Chain Mail Armor
81:19 Blast Furnace
83:06 Halberdier
93:19 Capped Ram
marcinpiekary
0:53 Loom
7:37 Feudal Age
8:55 Wheelbarrow
8:09 Double-Bit Axe
8:57 Gold Mining
9:08 Horse Collar
16:35 Castle Age
17:36 Hand Cart
17:37 Bow Saw
17:57 Heavy Plow
19:42 Stone Mining
20:14 Caravan
21:40 Stone Shaft Mining
28:52 Imperial Age
26:24 Town Watch
29:20 Fortified Wall
29:33 Ballistics
29:25 Masonry
29:35 Scale Barding Armor
29:43 Forging
30:41 Crop Rotation
31:55 Chain Barding Armor
32:11 Iron Casting
31:27 Fletching
31:03 Cavalier
33:28 Two-Man Saw
33:34 Crenellations
35:47 Hoardings
38:10 Chemistry
43:39 Town Patrol
43:26 Elite Teutonic Knight
43:38 Elite Teutonic Knight
45:34 Plate Barding Armor
44:55 Bodkin Arrow
46:00 Blast Furnace
45:02 Scale Mail Armor
45:02 Padded Archer Armor
56:58 Leather Archer Armor
56:59 Chain Mail Armor
62:26 Ironclad
62:54 Paladin
80:58 Plate Mail Armor
95:23 Man-at-Arms
95:23 Pikeman
96:04 Squires
95:49 Gambesons
Queen
2:00 Loom
9:34 Feudal Age
11:06 Wheelbarrow
10:15 Horse Collar
10:34 Double-Bit Axe
17:35 Gold Mining
17:39 Stone Mining
27:55 Castle Age
26:04 Scale Mail Armor
26:04 Padded Archer Armor
26:10 Scale Barding Armor
26:16 Forging
25:57 Fletching
27:52 Bloodlines
28:52 Hand Cart
31:10 Imperial Age
28:44 Heavy Plow
28:58 Bow Saw
29:28 Gold Shaft Mining
28:22 Pikeman
29:26 Chain Mail Armor
29:28 Husbandry
31:18 Light Cavalry
35:21 Atheism
35:22 Conscription
35:40 Atheism
35:21 Marauders
41:39 Halberdier
41:47 Halberdier
46:11 Conscription
57:31 Caravan
63:52 Elite Tarkan
68:38 Capped Ram
71:09 Siege Ram
soaring rush
8:42 Feudal Age
9:58 Wheelbarrow
9:05 Horse Collar
9:13 Double-Bit Axe
15:12 Castle Age
14:48 Gold Mining
14:48 Stone Mining
16:07 Hand Cart
16:31 Gold Shaft Mining
16:11 Bow Saw
18:32 Hand Cart
24:40 Gold Shaft Mining
24:40 Stone Shaft Mining
24:13 Heavy Plow
32:03 Imperial Age
31:26 Caravan
32:26 Elite Chu Ko Nu
34:45 Conscription
34:14 Elite Fire Lancer
36:34 Forging
36:30 Scale Mail Armor
36:28 Fletching
36:39 Padded Archer Armor
37:37 Heavy Rocket Cart
38:42 Rocketry
44:58 Iron Casting
44:39 Chain Mail Armor
44:41 Leather Archer Armor
44:22 Bodkin Arrow
50:57 Cavalier
51:00 Light Cavalry
51:41 Husbandry
59:11 Scale Barding Armor
61:49 Chain Barding Armor
64:44 Plate Barding Armor
65:12 Blast Furnace
64:13 Bracer
64:43 Plate Mail Armor
64:44 Ring Archer Armor
Seele O1
8:43 Feudal Age
9:18 Double-Bit Axe
9:18 Horse Collar
10:15 Town Watch
11:39 Gold Mining
19:51 Castle Age
18:13 Scale Mail Armor
19:57 Forging
23:03 Chain Mail Armor
22:56 Padded Archer Armor
24:17 Heavy Plow
25:27 Town Patrol
25:13 Pikeman
26:33 Iron Casting
26:06 Caravan
26:33 Fortified Wall
27:10 Guard Tower
27:17 Loom
32:54 Imperial Age
30:49 Squires
31:18 Ironclad
33:12 Halberdier
33:21 Capped Ram
35:02 Conscription
35:25 Hoardings
35:48 Crenellations
36:48 Bow Saw
40:38 Man-at-Arms
40:43 Elite Teutonic Knight
42:56 Arrowslits
45:04 Bloodlines
45:34 Plate Mail Armor
49:08 Ballistics
49:50 Chemistry
56:29 Blast Furnace
54:58 Elite Skirmisher
67:14 Wheelbarrow
68:53 Heated Shot
不知名南波湾
1:10 Loom
9:37 Feudal Age
12:39 Wheelbarrow
11:58 Double-Bit Axe
13:14 Gold Mining
17:47 Castle Age
16:40 Stone Mining
17:27 Town Watch
20:03 Bow Saw
20:34 Gold Shaft Mining
25:40 Imperial Age
25:49 Imperial Age
23:37 Hand Cart
29:11 Cavalier
29:56 Husbandry
30:32 Caravan
32:15 Chivalry
34:47 Caravan
34:19 Paladin
35:28 Scale Barding Armor
35:34 Forging
37:57 Chain Barding Armor
38:13 Iron Casting
40:24 Plate Barding Armor
40:54 Blast Furnace
Connection lost

Rejoining the realm…

Still unreachable

The connection could not be restored.

Session expired

The server has moved on; the page needs a fresh start.